 Dungeon Crawl Stone Soup version 0.19.4-8-ga85b6b9 (webtiles) character file.

144 winWinterter the Shield-Bearer (level 5, 0/41 HPs)
             Began as a Formicid Fighter on Feb 13, 2017.
             Slain by an orc
             ... wielding a +0 dagger of venom
              (1 damage)
             ... on level 3 of the Dungeon.
             The game lasted 00:03:14 (2537 turns).

winWinterter the Shield-Bearer (Formicid Fighter)   Turns: 2537, Time: 00:03:16

Health: 0/41       AC:  9    Str: 20    XL:     5   Next: 52%
Magic:  5/5        EV:  8    Int:  8    God:
Gold:   159        SH:  9    Dex: 11    Spells: 0 memorised, 4 levels left

rFire  . . .     SeeInvis +     a - +0 long sword
rCold  . . .     Gourm    .     b - +0 scale mail
rNeg   . . .     Faith    .     c - +0 shield
rPois  .         Spirit   .     (helmet unavailable)
rElec  .         Reflect  .     h - +1 cloak
rCorr  .         Harm     .     (no gloves)
MR     .....                    (no boots)
Stlth  ..........               (no amulet)
                                (no ring)
                                (no ring)

@: lethally poisoned (0 -> -31)
A: permanent stasis, dig shafts and tunnels, four strong arms, antennae 3
a: Dig, Shaft Self


You were on level 3 of the Dungeon.
You were not hungry.

You visited 1 branch of the dungeon, and saw 3 of its levels.

You collected 159 gold pieces.

Inventory:

Hand Weapons
 a - a +0 long sword (weapon)
Armour
 b - a +0 scale mail (worn)
 c - a +0 shield (worn)
 h - a +1 cloak (worn)
Jewellery
 j - an uncursed ring of positive energy {unknown}
Scrolls
 e - 3 scrolls of teleportation {unknown}
 k - a scroll of enchant armour {unknown}
 l - 3 scrolls of remove curse {unknown}
 o - 2 scrolls of identify {unknown}
 p - a scroll of random uselessness {unknown}
Potions
 d - 3 potions of might
 m - a potion of brilliance {unknown}
 n - a potion of flight {unknown}
 q - 2 potions of curing {unknown}
 r - a potion of ambrosia {unknown}
 t - 2 potions of invisibility {unknown}
 u - a potion of mutation {unknown}
Comestibles
 f - a bread ration
 g - a meat ration
 i - 2 beef jerkies


   Skills:
 + Level 3.6 Fighting
 * Level 4.2 Long Blades
 + Level 3.9 Armour
 + Level 0.5 Dodging
 + Level 4.2 Shields


You had 4 spell levels left.
You didn't know any spells.

Dungeon Overview and Level Annotations

Branches:
Dungeon (3/15)

Altars:
Cheibriados
Kikubaaqudgha
Sif Muna
Uskayaw
The Shining One

Annotations:
D:3 Quirk's ghost, amateur DsFi


Innate Abilities, Weirdness & Mutations

You are under a permanent stasis effect.
You can dig through walls and to a lower floor.
Your four strong arms can wield two-handed weapons with a shield.
You have a pair of large antennae on your head. (SInv)


Message History

You block the orc priest's attack. You block the orc's attack.
All of the chunks of flesh in your inventory have rotted away.
You hit the orc priest but do no damage.
The orc priest is heavily wounded.
* * * LOW HITPOINT WARNING * * *
You feel very sick. You block the orc's attack.
The orc priest invokes the aid of Beogh against you.
Beogh smites you!
* * * LOW HITPOINT WARNING * * *
The orc hits you but does no damage. The orc closely misses you.
You riposte.
You barely miss the orc. You barely miss the orc priest.
The orc priest is heavily wounded.
* * * LOW HITPOINT WARNING * * *
You feel very sick.
The orc priest hits you but does no damage.
You block the orc's attack.
The orc hits you with a dagger of venom.
You die...

#.# ##...# #.#
#...## #.# #....##
#.# ###...# #.#
##...# #.# #....#
######.# ##...##
#......# #8...##
#......# #..@..#
#.>....##._...ooo.#
#......##...#.....#
#......######8.....#
#......# ##....##
#......# #...##
#####.## #...#
#....# ##..# #....#


You could see an orc priest and 2 orcs.

Vanquished Creatures
  An orc priest (D:3)
  Jessica (D:2)
  A gnoll (D:1)
  3 worms
  2 dart slugs
  2 leopard geckos
  An orc (D:2)
  3 giant cockroaches
  6 goblins
  11 hobgoblins
  3 jackals (D:1)
  9 kobolds
  2 ball pythons (D:2)
  6 bats
  3 frilled lizards
  11 rats
65 creatures vanquished.

Notes
Turn   | Place    | Note
-------+----------+-------------------------------------------
     0 | D:1      | winWinterter the Formicid Fighter began the quest for the Orb.
     0 | D:1      | Reached XP level 1. HP: 18/18 MP: 1/1
   193 | D:1      | Reached XP level 2. HP: 15/24 MP: 2/2
   425 | D:1      | Reached XP level 3. HP: 29/29 MP: 3/3
  1313 | D:2      | Found a snail-covered altar of Cheibriados.
  1382 | D:2      | Reached XP level 4. HP: 35/35 MP: 4/4
  1625 | D:2      | Noticed Jessica
  1630 | D:2      | Killed Jessica
  1940 | D:2      | Found a hide-covered altar of Uskayaw.
  2117 | D:2      | Found a deep blue altar of Sif Muna.
  2159 | D:3      | Reached XP level 5. HP: 41/41 MP: 5/5
  2177 | D:3      | Noticed Quirk's ghost (amateur DsFi)
  2398 | D:3      | Found an ancient bone altar of Kikubaaqudgha.
  2526 | D:3      | Found a glowing golden altar of the Shining One.
  2537 | D:3      | HP: 1/41 [poisoned by an orc]
  2537 | D:3      | Slain by an orc

Skill      XL: |  1  2  3  4  5 |
---------------+----------------+-----
Shields        | 4 |  4.2
Long Blades    | 3 4 |  4.2
Fighting       | |  3.6
Armour         | |  3.9
Dodging        | |  0.5

Action                   |  1- 3 |  4- 6 || total
-------------------------+-------+-------++-------
Melee: Long sword        |    98 |   112 ||   210
  Eat: Chunk             |     1 |     3 ||     4
       Fruit             |       |     2 ||     2
Armor: Scale mail        |    45 |    53 ||    98
Dodge: Dodged            |    33 |    31 ||    64
Block: Shield            |    71 |    74 ||   145
       Rpst.: Long sword |    14 |    12 ||    26
